 Dungeon Crawl Stone Soup version 0.27-a0-604-g29a88b33a7 (webtiles) character file.

Game seed: 1007097955317907684

292055 wakim the Peltast (level 19, -3/199 HPs)
             Began as a Minotaur Berserker on Mar 12, 2021.
             Was a High Priest of Trog.
             Slain by a fire elemental (5 damage)
             ... summoned by a deep elf pyromancer
             ... on level 3 of the Elven Halls.
             The game lasted 02:23:56 (43334 turns).

wakim the Peltast (Minotaur Berserker)             Turns: 43334, Time: 02:23:57

Health: -3/199     AC: 40    Str: 39    XL:     19   Next: 98%
Magic:  18/18      EV: 11    Int:  8    God:    Trog [*****.]
Gold:   3341       SH: 31    Dex:  9    Spells: 18/18 levels left

rFire    + . .     SeeInvis .   a - +5 eveningstar (freeze)
rCold    + + .     Faith    .   g - +1 tower shield
rNeg     + + +     Spirit   .   V - +7 gold dragon scales of Dathryf {rPois rF+ rC+ rN+++ Int-2}
rPois    +         Reflect  +   B - +2 hat {Will+}
rElec    .         Harm     .   s - +0 cloak
rCorr    .         Rampage  +   k - +2 pair of gloves {Str+3}
Will     ++++.                  r - +2 pair of boots {rampage}
Stlth    ..........             n - amulet of reflection
HPRegen  1.00/turn              t - ring of Vehumet's Pride {rC+ Slay+4}
MPRegen  0.16/turn              L - ring "Xyaneurgh" {*Contam rN+++ Str+5 Int+6}

@: regenerating
A: claws 1, horns 2, robust 1, inhibited regeneration, MP-powered wands,
retaliatory headbutt
}: 2/15 runes: decaying, serpentine
a: Renounce Religion, Berserk, Trog's Hand, Brothers in Arms


You were on level 3 of the Elven Halls.
You worshipped Trog.
Trog was extremely pleased with you.
You visited 7 branches of the dungeon, and saw 35 of its levels.
You also visited: Bailey, Gauntlet and Ice Cave.

You collected 5129 gold pieces.
You spent 1788 gold pieces at shops.

Inventory:

Hand Weapons
 a - a +5 eveningstar of freezing (weapon)
Missiles
 e - 5 atropa-tipped darts
 f - 6 throwing nets
 K - 29 javelins (quivered)
 T - 4 curare-tipped darts
Armour
 g - a +1 tower shield (worn)
 k - a +2 pair of gloves of strength (worn)
 r - a +2 pair of boots of rampaging (worn)
 s - a +0 cloak (worn)
 w - a +0 hat of intelligence
 B - a +2 hat of willpower (worn)
 V - the +7 gold dragon scales of Dathryf (worn) {rPois rF+ rC+ rN+++ Int-2}
   (You bought it in a shop on level 2 of the Orcish Mines)

   It affects your intelligence (-2).
   It protects you from fire.
   It protects you from cold.
   It protects you from poison.
   It renders you almost immune to negative energy.
Jewellery
 c - a ring of willpower
 l - a ring of flight
 n - an amulet of reflection (around neck)
 t - the ring of Vehumet's Pride (right hand) {rC+ Slay+4}
   (You found it on level 1 of the Elven Halls)

   [ring of protection from cold]

   It affects your accuracy and damage with ranged weapons and melee attacks
   (+4).
   It protects you from cold.
 x - a ring of protection from cold
 L - the ring "Xyaneurgh" (left hand) {*Contam rN+++ Str+5 Int+6}
   (You took it off a minotaur in a Gauntlet)

   [ring of intelligence]

   It affects your strength (+5).
   It affects your intelligence (+6).
   It renders you almost immune to negative energy.
   It causes magical contamination when unequipped.
Wands
 d - a wand of digging (3)
 h - a wand of acid (11)
 i - a wand of iceblast (34)
 j - a wand of polymorph (15)
 p - a wand of paralysis (14)
 q - a wand of flame (131)
 y - a wand of mindburst (34)
Scrolls
 b - 2 scrolls of torment
 D - a scroll of blinking
 E - 2 scrolls of fear
 F - 5 scrolls of fog
 O - a scroll of silence
 P - 2 scrolls of enchant armour
 S - 3 scrolls of summoning
 W - a scroll of holy word
 X - 2 scrolls of magic mapping {@r4}
 Y - 9 scrolls of teleportation {@r3}
 Z - 13 scrolls of identify {@r1}
Potions
 A - 4 potions of attraction
 C - a potion of cancellation
 G - 2 potions of ambrosia
 H - 5 potions of haste
 I - 2 potions of invisibility
 J - 12 potions of curing {@q1}
 M - 6 potions of might
 N - 12 potions of heal wounds {@q2}
 Q - 4 potions of magic
 R - 5 potions of resistance
 U - 6 potions of mutation
Miscellaneous
 m - a phantom mirror
 v - a lightning rod (4/4)
 z - a box of beasts


   Skills:
 + Level 18.9 Fighting
 - Level 16.0 Maces & Flails
 - Level 6.0 Throwing
 + Level 17.8 Armour
 + Level 16.9 Dodging
 * Level 19.7 Shields
 + Level 9.2 Evocations


You had 18 spell levels left.
You didn't know any spells.
Your spell library was empty.

Dungeon Overview and Level Annotations

Branches:
Dungeon (15/15)            Temple (1/1) D:5            Lair (6/6) D:8
  Swamp (4/4) Lair:2        Snake (4/4) Lair:3        Slime (0/5) Lair:6
    Orc (2/2) D:9             Elf (3/3) Orc:2        Vaults (0/5) D:14
 Depths (0/5) D:15         Bailey (visited)           IceCv (visited)
Gauntlet (visited)

Altars:
Ashenzari
Dithmenos
Elyvilon
Gozag
Hepliaklqana
Kikubaaqudgha
Nemelex Xobeh
Okawaru
Qazlal
Trog
Uskayaw
Vehumet
Wu Jian
Xom
Zin
The Shining One
Jiyva

Shops:
D:8 [   D:14 *   Orc:2 (((!*   Snake:3 (*


Innate Abilities, Weirdness & Mutations

You have a pair of horns on your head.
You reflexively headbutt those who attack you in melee.
You have sharp fingernails.
You are robust. (+10% HP)
You do not regenerate when monsters are visible.
You expend magic power (3 MP) to strengthen your wands.


Message History

The deep elf archer wields a +0 longbow.
The deep elf archer shoots an arrow.
You reflect the arrow off an invisible shield around you!
The arrow completely misses the deep elf archer.
The arrow misses the deep elf pyromancer.
A deep elf zephyrmancer comes into view.
It is wielding a +0 long sword.
The deep elf pyromancer shouts!
Your skin crawls.
You feel strong-willed.
The deep elf zephyrmancer casts a spell at you.
The bolt of lightning hits you!
* * * LOW HITPOINT WARNING * * *
The deep elf pyromancer mumbles some strange words.
You rampage towards the deep elf zephyrmancer!
A +2 short sword of venom comes into view.
The deep elf zephyrmancer casts a spell at you.
The bolt of lightning hits you!!
* * * LOW HITPOINT WARNING * * *
Found 13 gold pieces.
You feel much better.
Your iron troll goes berserk!
The +2 short sword of venom is engulfed in blazing flames. x2
The deep elf zephyrmancer gestures wildly while chanting.
The deep elf zephyrmancer blinks!
The deep elf zephyrmancer casts a spell at you.
The bolt of lightning hits you.
* * * LOW HITPOINT WARNING * * *
The deep elf pyromancer casts a spell.
Your two-headed ogre goes berserk!
The deep elf zephyrmancer points at you and mumbles some strange words.
The bolt of lightning hits you!!
* * * LOW HITPOINT WARNING * * *
The bolt of lightning hits your two-headed ogre!!
The bolt of lightning hits your iron troll!!
The deep elf zephyrmancer points at you and mumbles some strange words.
The bolt of lightning hits the fire elemental!
The fire elemental resists.
The bolt of lightning hits you!!
* * * LOW HITPOINT WARNING * * *
The fire elemental hits you. The fire elemental burns you! You resist.
You die...

##...........##
#..........$..#
#...☼.........#
#
#....E........#
#
#.............#
+
+.....ee○.....#
#
#...☼.eE(.e..(#
#
#..$eE.@OT....#
##...........##
#+.........##
##[......##
#########


You could see a deep elf archer (repels missiles), a deep elf pyromancer, 3 deep
elf zephyrmancers, 3 fire elementals, a +2 short sword of venom, a friendly iron
troll (summoned, berserk) and a friendly two-headed ogre (summoned, berserk).

Vanquished Creatures
  the Lernaean hydra (Swamp:4)
  A deep elf blademaster (Elf:2)
  The ghost of qborf the Brawler, an adept TrEE of Ashenzari (Snake:2)
  Frances (D:12)
  Roxanne (Snake:1)
  The ghost of Caatu the Impaler, an adept DrBe of Trog (Elf:1)
  A thorn hunter (Swamp:3)
  Kirke (Lair:5)
  15 nagarajas
  A frost giant (D:15)
  5 deep elf sorcerers
  An orc warlord (Orc:2)
  A reaper (IceCv)
  Azrael (D:15)
  A deep elf demonologist (Elf:3)
  A minotaur (Gauntlet)
  2 entropy weavers
  3 bunyips
  A deep elf death mage (Elf:2)
  5 eleionomae
  A death ooze (Lair:1)
  A shambling mangrove (Swamp:3)
  2 ogre magi
  The ghost of adept the Fighter, a journeyman FoAK of Lugonu (Lair:1)
  Harold (Lair:1)
  8 anacondas
  6 boulder beetles
  24 naga warriors
  18 hydras
  4 vault guards (D:14)
  A merfolk avatar (Swamp:4)
  3 ghost crabs
  2 catoblepae (Lair:6)
  4 centaur warriors
  11 two-headed ogres
  Erica (D:7)
  4 death yaks (Lair:6)
  2 tengu warriors (D:14)
  12 alligators
  A queen ant (Lair:4)
  Urug (Lair:1)
  20 naga sharpshooters
  The ghost of diceflayer the Blocker, a novice FoFi of Okawaru (D:8)
  6 spriggans
  A spriggan berserker (Swamp:3)
  18 dancing weapons
  8 shock serpents
  20 deep elf knights
  A deep troll (Orc:1)
  5 salamander mystics
  3 unseen horrors
  3 naga ritualists
  2 bog bodies
  4 goliath frogs
  2 spriggan druids (Swamp:4)
  2 orange crystal statues
  10 swamp dragons
  7 deep elf archers
  2 orc knights (Bailey)
  16 deep elf pyromancers
  24 deep elf zephyrmancers
  A necromancer (Swamp:2)
  A wolf spider (Gauntlet)
  3 orc sorcerers (Orc:1)
  4 ugly things (D:15)
  7 mana vipers
  22 salamanders
  2 manticores
  A moth of wrath (Gauntlet)
  5 cyclopes
  4 will-o-the-wisps
  6 guardian serpents
  43 black mambas
  2 ice statues (IceCv)
  A gargoyle (D:10)
  18 naga magi
  16 cane toads
  2 torpor snails
  Maggie (D:8)
  4 centaur skeletons
  6 rime drakes
  5 yaktaurs (D:15)
  4 kobold demonologists (D:13)
  2 swamp worm zombies (Swamp:2)
  16 komodo dragons
  9 ice devils
  4 red devils (Elf:2)
  4 tyrant leeches
  11 trolls
  11 hornets
  4 dream sheep
  11 polar bears
  Prince Ribbit (D:6)
  12 blink frogs
  A harpy skeleton (D:14)
  A raiju (Lair:6)
  9 slime creatures
  2 water elementals
  3 redbacks (Gauntlet)
  A shadow (D:15)
  A wraith (D:14)
  3 air elementals
  A tyrant leech zombie (Swamp:2)
  4 wyverns
  4 hogs
  60 yaks
  A golden eye (shapeshifter) (D:14)
  4 basilisks
  4 fire elementals
  A steam dragon (Lair:3)
  11 vampire mosquitoes
  4 wargs (Lair:6)
  Menkaure (D:6)
  A chaos spawn (Gauntlet)
  A neqoxec (Gauntlet)
  73 nagas
  2 acid dragons
  16 swamp worms
  10 soldier ants (Lair:5)
  19 hell hounds
  A floating eye (shapeshifter) (Elf:1)
  33 water moccasins
  10 swamp drakes
  35 orc warriors
  5 sky beasts
  A hornet zombie (Swamp:2)
  18 black bears
  2 necrophages
  3 ice beasts
  The ghost of Anon1729 the Cudgeller, an amateur PaWr (D:4)
  An alligator simulacrum (Swamp:2)
  28 ogres
  3 eyes of draining
  22 wolves
  10 centaurs
  A phantom (D:10)
  3 kobold brigands
  2 komodo dragon zombies (Swamp:2)
  A gnoll sergeant (D:10)
  Blork the orc (D:6)
  26 bullfrogs
  An earth elemental (Elf:1)
  A wyvern zombie (D:13)
  7 scorpions
  A wyvern skeleton (D:14)
  5 killer bees (D:10)
  10 wights
  2 bullfrog zombies
  3 centaur zombies
  A lava snake (Lair:6)
  2 quasits
  7 hounds
  7 jellies
  5 bullfrog skeletons
  25 orc priests
  A gnoll shaman (D:7)
  7 iguanas
  20 orc wizards
  21 worker ants
  A killer bee zombie (D:9)
  A hound skeleton (D:4)
  19 gnolls
  2 swamp drake zombies (Swamp:2)
  12 adders
  A howler monkey skeleton (D:6)
  3 shadow imps
  12 white imps
  10 ufetubi
  2 oozes
  An adder skeleton (D:7)
  4 worms
  2 dart slugs
  5 leopard geckos
  99 orcs
  2 bat zombies (D:5)
  5 giant cockroaches
  10 goblins
  2 hobgoblins
  15 jackals
  5 quokkas
  4 ball pythons
  9 bats
  4 frilled lizards
  18 kobolds
  A leopard gecko skeleton (D:7)
  A leopard gecko zombie (D:5)
  A quokka skeleton (D:4)
  10 rats
  A rat zombie (D:5)
  A briar patch (Swamp:3)
1385 creatures vanquished.

Vanquished Creatures (collateral kills)
  A nagaraja (Snake:4)
  An orc warlord (Orc:1)
  Aizul (Snake:4)
  A ghoul (Swamp:4)
  The ghost of Fuch the Fighter, a journeyman DsCj of Okawaru (Lair:5)
  A boulder beetle (Lair:5)
  A hydra (Swamp:4)
  A two-headed ogre (Orc:1)
  A deep elf knight (Elf:1)
  A deep troll (Orc:1)
  2 deep elf archers
  A deep elf pyromancer (Elf:1)
  3 deep elf zephyrmancers
  An orc sorcerer (Orc:1)
  2 salamanders (Snake:4)
  2 black mambas (Snake:4)
  A komodo dragon (Lair:5)
  2 ice devils (IceCv)
  A troll (Orc:1)
  5 nagas (Snake:4)
  3 orc warriors
  2 necrophages (Swamp:4)
  2 orcs
37 creatures vanquished.

Vanquished Creatures (others)
  2 deep elf knights
  2 spriggans (Swamp:3)
  2 bloated husks
  2 hornets (Swamp:3)
  2 humans (Lair:5)
  A naga (Snake:3)
  A worker ant (Lair:5)
  3 white imps (IceCv)
  3 ufetubi (IceCv)
  2 briar patches (Swamp:3)
  23 foxfires
  33 fungi
  39 plants
115 creatures vanquished.

Grand Total: 1537 creatures vanquished

Notes
Turn   | Place    | Note
-------+----------+-------------------------------------------
     0 | D:1      | wakim the Minotaur Berserker began the quest for the Orb.
     0 | D:1      | Reached XP level 1. HP: 19/19 MP: 0/0
   453 | D:1      | Reached XP level 2. HP: 27/27 MP: 1/1
  1058 | D:2      | Reached skill level 1 in Shields
  1079 | D:2      | Reached XP level 3. HP: 33/33 MP: 2/2
  1137 | D:2      | Reached ** piety under Trog
  1335 | D:2      | Reached XP level 4. HP: 40/40 MP: 3/3
  1527 | D:2      | Found an opulent altar of Gozag.
  1696 | D:2      | Found a glowing silver altar of Zin.
  1757 | D:2      | Reached skill level 5 in Maces & Flails
  1788 | D:2      | Reached skill level 2 in Shields
  1969 | D:3      | Noticed a bullfrog
  1972 | D:3      | Killed a bullfrog
  1973 | D:3      | Reached XP level 5. HP: 43/47 MP: 4/4
  1991 | D:3      | Reached *** piety under Trog
  2024 | D:3      | Found a shadowy altar of Dithmenos.
  2275 | D:3      | Found a glowing golden altar of the Shining One.
  2537 | D:4      | Reached XP level 6. HP: 53/53 MP: 5/5
  2564 | D:4      | Found a hide-covered altar of Uskayaw.
  2578 | D:4      | Reached skill level 3 in Shields
  2600 | D:4      | Reached **** piety under Trog
  2691 | D:4      | Reached skill level 5 in Fighting
  2691 | D:4      | Reached XP level 7. HP: 31/61 MP: 6/6
  2840 | D:4      | Found a runed translucent door.
  2841 | D:4      | Noticed Anon1729's ghost (amateur PaWr)
  3344 | D:4      | Killed Anon1729's ghost
  3368 | D:5      | Entered Level 5 of the Dungeon
  3457 | D:5      | Found a staircase to the Ecumenical Temple.
  3465 | Temple   | Entered the Ecumenical Temple
  3495 | D:5      | Found an ancient bone altar of Kikubaaqudgha.
  3546 | D:5      | Reached skill level 4 in Shields
  3868 | D:5      | Reached skill level 5 in Armour
  3868 | D:5      | Reached XP level 8. HP: 57/70 MP: 7/7
  4455 | D:6      | Found an ornate altar of the Wu Jian Council.
  4455 | D:6      | Noticed Prince Ribbit
  4845 | D:6      | Noticed Blork the orc
  4905 | D:6      | Reached skill level 5 in Dodging
  4935 | D:6      | Killed Prince Ribbit
  4936 | D:6      | Reached skill level 5 in Shields
  5005 | D:6      | Found a bloodstained altar of Trog.
  5028 | D:6      | Noticed Menkaure
  5038 | D:6      | Killed Menkaure
  5136 | D:6      | Killed Blork the orc
  5162 | D:6      | Reached XP level 9. HP: 40/78 MP: 8/8
  5417 | D:6      | Found a broken altar of Ashenzari.
  5419 | D:6      | Found a sparkling altar of Nemelex Xobeh.
  5488 | D:6      | Found a shimmering altar of Xom.
  5985 | D:7      | Found a stormy altar of Qazlal.
  6009 | D:7      | Reached skill level 6 in Shields
  6347 | D:7      | Reached ***** piety under Trog
  6386 | D:7      | Reached skill level 10 in Maces & Flails
  6740 | D:8      | Noticed Erica
  6822 | D:8      | Identified the +7 glaive of the Middle {flame, +Fly rF+
                  | rN+}
  7285 | D:7      | Killed Erica
  7286 | D:7      | Reached XP level 10. HP: 38/88 MP: 9/9
  7485 | D:8      | Noticed a two-headed ogre
  7513 | D:8      | Killed a two-headed ogre
  7514 | D:8      | Reached skill level 7 in Shields
  7672 | D:8      | Found a staircase to the Lair.
  7704 | D:8      | Found a runed translucent door.
  7738 | D:8      | Noticed Maggie
  7750 | D:8      | Killed Maggie
  7795 | D:8      | Noticed a cyclops
  7802 | D:8      | Killed a cyclops
  7849 | D:8      | Noticed diceflayer's ghost (novice FoFi)
  8021 | D:8      | Found Warapt's Armour Emporium.
  8246 | D:8      | Found a stormy altar of Qazlal.
  8251 | D:8      | Found a radiant altar of Vehumet.
  8541 | D:9      | Reached skill level 8 in Shields
  8734 | D:9      | Reached XP level 11. HP: 85/97 MP: 10/10
  8836 | D:9      | Found a staircase to the Orcish Mines.
  8916 | D:9      | Found a runed translucent door.
  8934 | D:9      | Found a runed translucent door.
  8961 | D:9      | Found a runed translucent door.
  8973 | D:9      | Found a runed translucent door.
  9279 | D:9      | Received a gift from Trog
  9526 | D:9      | Noticed an orange crystal statue
  9621 | D:10     | Entered Level 10 of the Dungeon
 11322 | D:11     | Found a frozen archway.
 11340 | D:11     | Reached skill level 9 in Shields
 11347 | IceCv    | Entered an ice cave
 11379 | IceCv    | Received a gift from Trog
 11836 | IceCv    | Reached skill level 10 in Fighting
 11956 | IceCv    | Noticed a reaper
 11976 | IceCv    | Killed a reaper
 11977 | IceCv    | Reached skill level 10 in Armour
 12329 | D:11     | Noticed a two-headed ogre
 12347 | D:11     | Killed a two-headed ogre
 12348 | D:11     | Reached XP level 12. HP: 77/107 MP: 11/11
 12457 | D:11     | Identified the +8 scimitar "Seib" {vorpal, *Noise Fragile
                  | rPois Str+10}
 12723 | D:11     | Noticed a two-headed ogre
 12730 | D:11     | Killed a two-headed ogre
 12735 | D:11     | Reached skill level 10 in Shields
 13216 | Lair:1   | Entered Level 1 of the Lair of Beasts
 13291 | Lair:1   | Reached skill level 1 in Evocations
 13480 | Lair:1   | Found a runed translucent gate.
 13694 | Lair:1   | Noticed Urug
 13699 | Lair:1   | Killed Urug
 13758 | Lair:1   | Noticed Harold
 13775 | Lair:1   | Killed Harold
 14244 | Lair:1   | Reached skill level 1 in Throwing
 14253 | Lair:1   | Found a runed translucent gate.
 14254 | Lair:1   | Found a runed translucent gate.
 14256 | Lair:1   | Noticed adept's ghost (journeyman FoAK)
 14256 | Lair:1   | Noticed a death ooze
 14344 | Lair:1   | Found a viscous altar of Jiyva.
 14940 | Lair:2   | Noticed a six-headed hydra
 14949 | Lair:2   | Killed a six-headed hydra
 14950 | Lair:2   | Reached skill level 15 in Maces & Flails
 15284 | Lair:2   | Found a staircase to the Swamp.
 15409 | Lair:3   | You fall into a shaft and drop 3 floors!
 15409 | Lair:6   | Entered Level 6 of the Lair of Beasts
 15435 | Lair:5   | Reached XP level 13. HP: 70/116 MP: 12/12
 16454 | Lair:3   | Received a gift from Trog
 16754 | Lair:3   | Found a staircase to the Snake Pit.
 17973 | Lair:5   | Noticed Kirke
 18025 | Lair:5   | Noticed a sphinx
 18132 | Lair:5   | Killed Kirke
 18195 | Lair:5   | Noticed Fuch's ghost (journeyman DsCj)
 18292 | Lair:5   | Noticed an entropy weaver
 18292 | Lair:5   | Noticed an entropy weaver
 18389 | Lair:4   | Killed an entropy weaver
 18393 | Lair:4   | Reached XP level 14. HP: 126/126 MP: 13/13
 18640 | D:8      | Killed diceflayer's ghost
 18975 | D:9      | Reached skill level 10 in Dodging
 19277 | Lair:1   | Killed adept's ghost
 19278 | Lair:1   | Reached skill level 5 in Evocations
 19582 | Lair:5   | Identified the +0 leather armour of Noughts and Crosses
                  | {Rampage rElec rCorr MP+9}
 19654 | Lair:5   | Found a runed translucent gate.
 19654 | Lair:5   | Found a runed translucent gate.
 19654 | Lair:5   | Found a runed translucent gate.
 19676 | Lair:5   | Reached skill level 5 in Throwing
 19703 | Lair:5   | Reached skill level 11 in Shields
 19729 | Lair:5   | Received a gift from Trog
 19987 | Lair:5   | Killed Fuch's ghost
 20782 | Lair:6   | Found a hazy altar of Hepliaklqana.
 21424 | Lair:6   | Found a viscous altar of Jiyva.
 21425 | Lair:6   | Found a staircase to the Slime Pits.
 21743 | Orc:1    | Entered Level 1 of the Orcish Mines
 21786 | Orc:1    | Noticed an orc warlord
 21797 | Orc:1    | Reached skill level 12 in Shields
 21799 | Orc:1    | Killed an orc warlord
 22044 | Orc:2    | Entered Level 2 of the Orcish Mines
 22044 | Orc:2    | Found Eho Vuta's Distillery.
 22099 | Orc:1    | Reached XP level 15. HP: 131/136 MP: 14/14
 22109 | Orc:2    | Received a gift from Trog
 22274 | Orc:2    | Found Xiecexte's General Store.
 22486 | Orc:2    | Found Biqu's Weapon Shop.
 22487 | Orc:2    | Found Mocheh's Antique Weapon Shoppe.
 22656 | Orc:2    | Found Suockeit's Weapon Boutique.
 22665 | Orc:2    | Bought the +7 gold dragon scales of Dathryf {rPois rF+ rC+
                  | rN+++ Int-2} for 1757 gold pieces
 22735 | Orc:2    | Found a staircase to the Elven Halls.
 22876 | Orc:2    | Noticed an orc warlord
 22902 | Orc:2    | Killed an orc warlord
 23493 | D:12     | Noticed Frances
 23504 | D:12     | Killed Frances
 23519 | D:12     | Found a flagged portal.
 23560 | Bailey   | Entered a bailey
 23712 | Bailey   | Identified the +1 troll leather armour of the Louse {rPois
                  | Regen+ Str+2}
 23910 | D:12     | Reached skill level 13 in Shields
 24498 | D:13     | Received a gift from Trog
 24685 | D:13     | Reached ****** piety under Trog
 25637 | D:14     | Found a gate leading to a gauntlet.
 25675 | Gauntlet | Entered a Gauntlet
 25675 | Gauntlet | Found a transporter.
 25684 | Gauntlet | Found a transporter.
 25687 | Gauntlet | Found a transporter.
 25688 | Gauntlet | Found a transporter.
 25696 | Gauntlet | Found a transporter.
 25699 | Gauntlet | Found a transporter.
 25712 | Gauntlet | Found a transporter.
 25721 | Gauntlet | Found a transporter.
 25724 | Gauntlet | Found a transporter.
 25725 | Gauntlet | Found a transporter.
 25733 | Gauntlet | Found a transporter.
 25736 | Gauntlet | Found a transporter.
 25737 | Gauntlet | Found a transporter.
 25745 | Gauntlet | Found a transporter.
 25859 | Gauntlet | Gained mutation: You do not regenerate when monsters are
                  | visible. [a neqoxec]
 25861 | Gauntlet | Gained mutation: Armour fits poorly on your strangely
                  | shaped body. [a neqoxec]
 25952 | Gauntlet | Reached skill level 15 in Armour
 26043 | Gauntlet | Identified the ring "Xyaneurgh" {*Contam rN+++ Str+5 Int+6}
 26082 | Gauntlet | Found the +4 robe of Augmentation {Str+4 Int+4 Dex+4}
 26095 | Gauntlet | Identified the +1 leather armour "Huepoex" {Str+5 Int-5
                  | Dex+4}
 26141 | D:14     | Found Luepluen's Assorted Antiques.
 26156 | D:14     | Bought a scroll labelled DIHOFYENYPN for 31 gold pieces
 26157 | D:14     | Acquired a +0 demon whip of venom
 26187 | D:14     | Found a gate to the Vaults.
 26218 | D:14     | Reached XP level 16. HP: 102/147 MP: 15/15
 26335 | D:14     | Received a gift from Trog
 26336 | D:14     | Found the +7 Spriggan's Knife {stab, EV+4 Stlth+}
 26683 | D:15     | Entered Level 15 of the Dungeon
 26743 | D:15     | Reached skill level 15 in Fighting
 26855 | D:15     | Reached skill level 14 in Shields
 26872 | D:15     | Noticed Azrael
 26883 | D:15     | Killed Azrael
 27216 | D:15     | Found a staircase to the Depths.
 27399 | D:15     | Lost mutation: Armour fits poorly on your strangely shaped
                  | body. [potion of mutation]
 27399 | D:15     | Gained mutation: You are robust. (+10% HP) [potion of
                  | mutation]
 27399 | D:15     | Gained mutation: You expend magic power (3 MP) to
                  | strengthen your wands. [potion of mutation]
 27399 | D:15     | Gained mutation: You have sharp fingernails. [potion of
                  | mutation]
 27668 | Swamp:1  | Entered Level 1 of the Swamp
 27854 | Swamp:1  | Identified the +7 flail "Ymest" {vorpal, rN+++ Str+4 Int-5
                  | Dex+4}
 28613 | Swamp:2  | Identified the +1 leather armour of Logom {rElec Will-
                  | rCorr Stlth+}
 28684 | Swamp:2  | Received a gift from Trog
 29503 | Swamp:3  | Noticed a thorn hunter
 29510 | Swamp:3  | Killed a thorn hunter
 29568 | Swamp:3  | Reached skill level 15 in Shields
 30090 | Swamp:4  | Entered Level 4 of the Swamp
 30094 | Swamp:4  | Reached XP level 17. HP: 163/173 MP: 16/16
 30763 | Swamp:4  | Noticed the 27-headed Lernaean hydra
 30785 | Swamp:4  | Killed the 27-headed Lernaean hydra
 31169 | Swamp:4  | Got a decaying rune of Zot
 31675 | Swamp:4  | Acquired 909 gold pieces
 31787 | Snake:1  | Entered Level 1 of the Snake Pit
 31832 | Snake:1  | Reached skill level 16 in Shields
 31849 | Snake:1  | Received a gift from Trog
 32251 | Snake:1  | Reached skill level 15 in Dodging
 32560 | Snake:1  | Noticed Roxanne
 32594 | Snake:1  | Killed Roxanne
 33281 | Snake:2  | Found a runed translucent door.
 33283 | Snake:2  | Found a shimmering altar of Xom.
 33283 | Snake:2  | Noticed qborf's ghost (adept TrEE)
 33345 | Snake:2  | Killed qborf's ghost
 34113 | Snake:2  | Identified the +0 chain mail of Impatience {+Inv rF+ SInv
                  | Stlth-}
 35028 | Snake:3  | Reached XP level 18. HP: 182/187 MP: 17/17
 35672 | Snake:3  | Reached skill level 17 in Shields
 35796 | Snake:3  | Found Qidal's Antique Weapon Boutique.
 35801 | Snake:3  | Found Pyrut's Assorted Antiques.
 35816 | Snake:3  | Received a gift from Trog
 37124 | Snake:4  | Entered Level 4 of the Snake Pit
 37137 | Snake:4  | Identified the +6 scimitar of the Thirteen Olives {holy,
                  | rElec rF- Int+3}
 37331 | Snake:4  | Noticed Aizul
 37346 | Snake:4  | Killed Aizul
 38037 | Snake:4  | Reached skill level 18 in Shields
 38452 | Snake:4  | Received a gift from Trog
 39467 | Snake:4  | Reached XP level 19. HP: 193/196 MP: 18/18
 39526 | Snake:4  | Received a gift from Trog
 39969 | Snake:4  | Got a serpentine rune of Zot
 40236 | Elf:1    | Entered Level 1 of the Elven Halls
 40436 | Elf:1    | Noticed Caatu's ghost (adept DrBe)
 40449 | Elf:1    | Found a runed translucent gate.
 40449 | Elf:1    | Found a runed translucent gate.
 40451 | Elf:1    | Found a runed translucent gate.
 40451 | Elf:1    | Identified the ring of Vehumet's Pride {rC+ Slay+4}
 41027 | Elf:1    | Killed Caatu's ghost
 41028 | Elf:1    | Received a gift from Trog
 41045 | Elf:1    | Identified the +8 fire dragon scales of Red Joy {rF++ rC-
                  | MP+9}
 41224 | Elf:2    | Reached skill level 19 in Shields
 42067 | Elf:2    | Found a runed translucent gate.
 42090 | Elf:2    | Found a runed translucent gate.
 42090 | Elf:2    | Found a runed translucent gate.
 42818 | Elf:3    | Entered Level 3 of the Elven Halls
 43288 | Elf:3    | Received a gift from Trog
 43334 | Elf:3    | HP: 2/199 [deep elf zephyrmancer/bolt of lightning (26)]
 43334 | Elf:3    | Slain by a fire elemental

Illustrated notes

Levels and vault maps discovered:
D:1:      scummos_arrival_simple_fountains, layout_loops_ring, serial_forest,
          infiniplex_forest_split, infiniplex_forest_lined_room_2,
          infiniplex_forest_split, infiniplex_forest_end_2,
          infiniplex_forest_clump_long, infiniplex_forest_clump_medium,
          infiniplex_forest_clump_tiny
D:2:      layout_loops_ring, pdpol_temple_overflow_zin_treasury_gozag_greed
D:3:      layout_rooms, grunt_dithmenos_smoke_and_mirrors, lemuel_round_altar
D:4:      layout_basic, eat_drink_and_be_merry_uskayaw,
          ebering_ghost_reflecting_pool
D:5:      layout_loops_ring, lemuel_zombie_altar_kikubaaqudgha, temple_green
D:6:      layout_layer_cave, nicolae_overflow_hidden_temple,
          overflow_temple_1_default, trog_ov_bears_minmay, uniq_menkaure,
          uniq_blork_the_orc, uniq_prince_ribbit1
D:7:      layout_basic, nicolae_qazlal_general_emergency
D:8:      layout_gridville, minitemple, lair_entry_dummy, serial_shops,
          shop_coins, ebering_ghost_inner_flame, uniq_maggie, uniq_erica
D:9:      minmay_general_purpose_star, layout_loops_ring,
          minmay_statue_crystal_thing
D:10:     layout_layer_cave
D:11:     layout_layer_cave, portal_ice_cave_demonic_guard, grunt_ministairs_7
D:12:     layout_roguey [special_room_orc], enter_bailey_4, uniq_frances
D:13:     layout_stronghold
D:14:     layout_basic, lightli_vaults_fourway_checkpoint,
          chequers_serial_rivers_micro_d, serial_shops, shop,
          gauntlet_entry_generic
D:15:     grunt_enter_depths_snipers, layout_gridville, solitary_fountain,
          uniq_azrael
Temple:   dpeg_three_leaves_temple
Lair:1:   layout_regular_city, gammafunk_ghost_ooze, grunt_megastairs_2,
          uniq_harold, uniq_urug
Lair:2:   layout_loops_ring, swamp_mist, chequers_serial_rivers_micro_b,
          infiniplex_staircase_pool_2
Lair:3:   layout_cave_shapes, guppyfry_snake_entry_island, grunt_megastairs_5
Lair:4:   layout_long_grid, st_stairs_12
Lair:5:   layout_misc_corridors, gammafunk_ghost_split, minmay_another_anthill,
          uniq_kirke
Lair:6:   hangedman_lair_caniforms_friends, layout_gridlike, slime_altar_1,
          lemuel_centaur_altar
Swamp:1:  layout_basic_swamp, hangedman_swamp_ruin_wall,
          nicolae_swamp_round_clearing, infiniplex_staircase_pool
Swamp:2:  layout_falls_marsh, hangedman_swamp_ruin_hall,
          nicolae_swamp_necromancer_hut
Swamp:3:  layout_falls_marsh, hangedman_swamp_pad, swamp_pool2
Swamp:4:  swamp_old_school, layout_basic_swamp, swamp_pool1,
          nicolae_swamp_fairy_circle, grunt_lady_of_the_lake
Snake:1:  layout_rooms, uniq_roxanne
Snake:2:  layout_chambers, ebering_ghost_xom, hangedman_venom_bottle,
          serial_bayou_shore_b, grunt_megastairs_3
Snake:3:  minmay_snake_river, layout_honeycomb, minmay_shoptagon
Snake:4:  grunt_snake_rune_spirals, layout_onion_interference, drop_trap,
          grunt_ministairs_2, st_stairs_10, uniq_aizul
Orc:1:    layout_diamond_mine
Orc:2:    st_orc_open, layout_caves, serial_shops, nicolae_shop_trees,
          nicolae_orc_bridge_out
Elf:1:    eino_elf_arrival_sip, layout_gridlike, gammafunk_ghost_split,
          minmay_elf_demonology, nicolae_elf_glass_and_crystal_pillar_2
Elf:2:    layout_onion_city, einodemon_armed_red_devil_minivault
Elf:3:    elf_hall_gauntlet_narrow, layout_geoelf_diagonals,
          chequers_hall_statues_y

Skill      XL: |  1  2  3  4  5  6  7  8  9 10 11 12 13 14 15 16 17 18 19 |
---------------+----------------------------------------------------------+-----
Maces & Flails | 4 5 6 7 9 10 12 13 15 16 | 16.0
Shields        | 1 2 3 4 5 6 8 9 10 12 13 15 16 18 19 | 19.7
Fighting       | 4 5 6 7 9 10 11 12 13 14 16 17 18 | 18.9
Armour         | 3 4 5 6 7 8 10 11 12 13 15 16 17 | 17.8
Dodging        | 3 4 5 6 8 9 11 12 14 15 16 | 16.9
Evocations     | 3 4 6 7 9 |  9.2
Throwing       | 2 4 6 |  6.0

Action                   |  1- 3 |  4- 6 |  7- 9 | 10-12 | 13-15 | 16-18 | 19-21 || total
-------------------------+-------+-------+-------+-------+-------+-------+-------++-------
Melee: Mace              |    90 |    90 |       |       |       |       |       ||   180
       Headbutt          |    15 |    35 |    63 |   163 |   285 |   353 |    98 ||  1012
       Flail             |       |    89 |   344 |   438 |       |       |       ||   871
       Morningstar       |       |       |       |   247 |   399 |       |       ||   646
       Eveningstar       |       |       |       |       |   778 |  1379 |   418 ||  2575
Throw: Javelin           |       |       |       |       |       |     2 |       ||     2
Invok: Trog's Hand       |       |       |     4 |     5 |    18 |    18 |     7 ||    52
       Berserk           |       |       |       |     6 |     5 |     3 |       ||    14
       Brothers in Arms  |       |       |       |     1 |     6 |     5 |     5 ||    17
 Abil: Evoke Flight      |       |       |       |       |       |     4 |       ||     4
Evoke: Wand              |       |       |     3 |     7 |       |       |       ||    10
       Lightning rod     |       |       |       |     1 |     3 |       |       ||     4
  Use: Scroll            |     3 |     2 |    11 |     9 |    13 |     6 |     2 ||    46
       Potion            |       |       |     2 |       |     1 |     2 |     1 ||     6
 Stab: Confused          |       |       |       |       |       |     1 |       ||     1
       Distracted        |       |       |       |       |       |     1 |       ||     1
Armor: Leather armour    |    10 |       |       |       |       |       |       ||    10
       Chain mail        |    41 |    80 |    94 |       |       |       |       ||   215
       Plate armour      |       |       |    31 |   219 |   343 |       |       ||   593
       Gold dragon scale |       |       |       |       |   163 |   589 |   129 ||   881
Dodge: Dodged            |    22 |    28 |    43 |    81 |   266 |   231 |    62 ||   733
Block: Tower shield      |   122 |   222 |   340 |   815 |  1516 |  1793 |   438 ||  5246
       Reflection        |     2 |       |     3 |    13 |    37 |   178 |    83 ||   316
       Other             |     1 |       |       |       |       |       |       ||     1

Table legend: (Time is in decaauts)
 A = Elapsed time spent in this place.
 B = Non-inter-level travel time spent in this place.
 C = Inter-level travel time spent in this place.
 D = Time resting spent in this place.
 E = Time spent auto-exploring this place.
 F = Levels seen in this place.
 G = Mean time per level.
                   A        B        C        D        E       F      G
               +--------+--------+--------+--------+--------+-----+--------+
         Total |  43978 |  40722 |   3256 |   1477 |  29493 |  38 | 1157.3 |
       Dungeon |  16916 |  15302 |   1614 |    208 |  11274 |  15 | 1127.7 |
        Temple |      1 |      1 |      0 |      0 |      0 |   1 |    1.0 |
          Lair |   8704 |   7833 |    871 |    610 |   5316 |   6 | 1450.7 |
         Swamp |   4305 |   4078 |    227 |     13 |   3330 |   4 | 1076.2 |
     Snake Pit |   7690 |   7402 |    288 |    482 |   5393 |   4 | 1922.5 |
  Orcish Mines |   1645 |   1441 |    204 |    132 |    914 |   2 |  822.5 |
   Elven Halls |   3046 |   2995 |     51 |      0 |   2374 |   3 | 1015.3 |
        Bailey |    316 |    316 |      0 |      0 |    157 |   1 |  316.0 |
      Ice Cave |    928 |    928 |      0 |     29 |    615 |   1 |  928.0 |
      Gauntlet |    423 |    423 |      0 |      0 |    118 |   1 |  423.0 |
               +--------+--------+--------+--------+--------+-----+--------+

Top non-repeatable levels by time:
 Snake:4: 2863 daAuts
 Snake:2: 1920 daAuts
  Lair:1: 1916 daAuts
 Snake:3: 1890 daAuts
    D:10: 1732 daAuts
 Swamp:4: 1707 daAuts
     D:9: 1648 daAuts
  Lair:5: 1613 daAuts
     D:8: 1574 daAuts
     D:6: 1402 daAuts
     D:7: 1390 daAuts
  Lair:3: 1376 daAuts
  Lair:4: 1301 daAuts
  Lair:6: 1282 daAuts
   Elf:2: 1271 daAuts
